 Dungeon Crawl Stone Soup version 0.19.1 (webtiles) character file.

466 Gargoyl the Distorting Demonspawn (level 6, -12/48 HPs)
             Began as a Demonspawn Abyssal Knight on Nov 25, 2016.
             Was a Believer of Lugonu.
             Mangled by an ogre
             ... wielding a +0 giant club
              (18 damage)
             ... on level 4 of the Dungeon.
             The game lasted 00:06:45 (3842 turns).

Gargoyl the Distorting Demonspawn (DsAK)            Turns: 3842, Time: 00:06:45

Health: -12/48     AC: 11    Str: 18    XL:     6   Next: 81%
Magic:  9/9        EV:  1    Int: 13    God:    Lugonu [**....]
Gold:   110        SH: 12    Dex: 13    Spells: 0 memorised, 5 levels left

rFire  + . .     SeeInvis .     a - +1 hand axe
rCold  . . .     Gourm    .     d - +0 plate armour
rNeg   . . .     Faith    .     n - +0 large shield
rPois  .         Spirit   .     (no helmet)
rElec  .         Reflect  .     (no cloak)
rCorr  .         Harm     .     (no gloves)
MR     .....                    (no boots)
Stlth  ..........               (no amulet)
                                (no ring)
                                h - +4 ring of strength

@: flying, drained
A: talons 1, fire resistance 1, powered by death 1
a: Depart the Abyss, Bend Space, Renounce Religion


You were on level 4 of the Dungeon.
You worshipped Lugonu.
Lugonu was pleased with you.
You were hungry.

You visited 1 branch of the dungeon, and saw 4 of its levels.
You visited the Abyss 1 time.

You collected 110 gold pieces.

Inventory:

Hand Weapons
 a - a +1 hand axe (weapon)
Armour
 d - a +0 plate armour (worn)
 n - a +0 large shield (worn)
Jewellery
 h - a +4 ring of strength (left hand)
Wands
 o - a wand of heal wounds (5/9)
Scrolls
 b - 3 scrolls of remove curse {unknown}
 e - a scroll of immolation {unknown}
 f - a scroll of random uselessness {unknown}
 i - a scroll of magic mapping {unknown}
 k - 4 scrolls of identify
Comestibles
 c - a bread ration
 g - a meat ration
 q - 4 slices of pizza
 r - a royal jelly


   Skills:
 + Level 3.9(3.8) Fighting
 + Level 3.3 Axes
 * Level 4.0(3.9) Armour
 + Level 1.1 Dodging
 + Level 2.1 Shields
 * Level 4.5(4.4) Invocations


You had 5 spell levels left.
You didn't know any spells.

Dungeon Overview and Level Annotations

Branches:
Dungeon (4/15)
 Temple: D:4-7

Altars:
Cheibriados
The Shining One

Shops:
D:4 [


Innate Abilities, Weirdness & Mutations

You have sharp toenails.
Your flesh is heat resistant. (rF+)
You regenerate a little health from kills.


Message History

* * * LOW HITPOINT WARNING * * *
You slash the ogre! You claw the ogre, but do no damage.
The ogre is heavily wounded.
You block the ogre's attack.
You feel better.
It was a potion of flight.
You feel very buoyant.
You fly up into the air.
The ogre hits you with a giant club.
You slash the ogre! You claw the ogre, but do no damage.
The ogre is severely wounded.
The ogre hits you with a giant club!
* * * LOW HITPOINT WARNING * * *
You hit the ogre. You claw the ogre.
The ogre is almost dead.
You block the ogre's attack.
Okay, then.
Your shield and plate armour prevent you from hitting the ogre.
The ogre is almost dead.
The ogre hits you with a giant club!!
You die...

.... .(.. .. #( .## #. ###.# ..
... #.###≈≈≈## ### #( #.#
...≈≈≈≈≈# ..# #( #.# #...∩≈≈# #.#
#O##<###.##≈≈≈≈≈## ## #.#
#.@......###≈≈≈..## ###.###.#
####.######.......#
##.......########...####.........
..........)))......>...'.........
##....##.######.....####.........
#.#.#...# #.##(## ##....<..# #
###.#.# #.#### ##.....## #.#.#
#.# ##...## # #.# #.# ##+##


You could see an ogre.

Vanquished Creatures
  Purgy (D:3)
  3 orc wizards
  A worker ant (D:4)
  Ijyb (D:3)
  Natasha (thrice) (D:3 D:4)
  5 adders
  An ooze (D:1)
  6 dart slugs
  A leopard gecko (D:3)
  11 orcs
  2 ball pythons
  2 giant cockroaches
  12 goblins
  13 hobgoblins
  4 jackals (D:2)
  7 bats
  3 frilled lizards
  7 kobolds
  7 rats
90 creatures vanquished.

Vanquished Creatures (others)
  An orc wizard (D:4)
1 creature vanquished.

Grand Total: 91 creatures vanquished

Notes
Turn   | Place    | Note
-------+----------+-------------------------------------------
     0 | Abyss:1  | Gargoyl the Demonspawn Abyssal Knight began the quest for the Orb.
     0 | Abyss:1  | Reached XP level 1. HP: 18/18 MP: 2/2
    61 | Abyss:1  | Noticed an iron imp
    82 | Abyss:1  | Noticed a neqoxec
    85 | Abyss:1  | Noticed a revenant
    87 | D:1      | Escaped the Abyss
   238 | D:1      | Gained mutation: You have sharp toenails. [demonic ancestry]
   238 | D:1      | Reached XP level 2. HP: 22/24 MP: 3/3
   466 | D:1      | Reached * piety under Lugonu
   727 | D:1      | Gained mutation: You regenerate a little health from kills. [demonic ancestry]
   727 | D:1      | Reached XP level 3. HP: 28/29 MP: 5/5
  1708 | D:3      | Reached XP level 4. HP: 36/36 MP: 6/6
  1727 | D:3      | Noticed Natasha
  1738 | D:3      | Killed Natasha
  1756 | D:3      | Noticed Purgy
  1798 | D:3      | Killed Purgy
  1798 | D:3      | Reached skill level 1 in Dodging
  1798 | D:3      | Reached skill level 1 in Shields
  1798 | D:3      | Gained mutation: Your flesh is heat resistant. (rF+) [demonic ancestry]
  1798 | D:3      | Reached XP level 5. HP: 9/41 MP: 7/7
  1847 | D:3      | Noticed Natasha
  2093 | D:3      | Reached ** piety under Lugonu
  2096 | D:3      | Noticed Ijyb
  2131 | D:3      | Killed Ijyb
  2558 | D:3      | Killed Natasha
  2558 | D:3      | Reached XP level 6. HP: 29/48 MP: 9/9
  2792 | D:3      | Found a glowing golden altar of the Shining One.
  2961 | D:3      | Found a snail-covered altar of Cheibriados.
  3119 | D:4      | Found Woozxin's Antique Armour Boutique.
  3512 | D:4      | Noticed Natasha
  3524 | D:4      | Killed Natasha
  3842 | D:4      | Mangled by an ogre

Skill      XL: |  1  2  3  4  5  6 |
---------------+-------------------+-----
Armour         | 2 3 4 |  4.0
Axes           | 2 3 |  3.3
Invocations    | 3 4 |  4.5
Dodging        | 1 |  1.1
Shields        | 1 2 |  2.1
Fighting       | |  3.9

Action                   |  1- 3 |  4- 6 || total
-------------------------+-------+-------++-------
Melee: Hand axe          |   126 |   305 ||   431
       Kick              |    21 |    89 ||   110
Throw: Tomahawk          |       |     4 ||     4
Invok: Depart the Abyss  |     1 |       ||     1
  Use: Scroll            |     1 |       ||     1
       Potion            |       |     8 ||     8
  Eat: Chunk             |     3 |     7 ||    10
Armor: Plate armour      |   105 |   294 ||   399
Dodge: Dodged            |    31 |    14 ||    45
Block: Large shield      |       |   246 ||   246
